 Dungeon Sprint DCSS version 0.21-a0-104-g7b58145 (webtiles) character file.

24 Kidiri the Ruffian (level 2, -24/24 HPs)
             Began as a Draconian Transmuter on July 5, 2017.
             Was a Follower of Wu Jian.
             Killed from afar by a deep elf mage (34 damage)
             ... with a bolt of fire
             ... in the Dungeon (Sprint VII: "The Pits").
             The game lasted 00:01:36 (499 turns).

Kidiri the Ruffian (Draconian Transmuter)            Turns: 499, Time: 00:01:37

Health: -24/24     AC:  4    Str: 12    XL:     2   Next: 79%
Magic:  0/5        EV: 13    Int: 13    God:    Wu Jian [*.....]
Gold:   0          SH:  0    Dex: 11    Spells: 3/6 levels left

rFire    . . .     SeeInvis .     - Unarmed
rCold    . . .     Gourm    .   (no shield)
rNeg     . . .     Faith    .   (armour unavailable)
rPois    .         Spirit   .   (helmet restricted)
rElec    .         Reflect  .   (no cloak)
rCorr    .         Harm     .   (no gloves)
MR       .....     NoTele   +   (no boots)
Stlth    +.........             (no amulet)
HPRegen  0.08/turn              (no ring)
MPRegen  0.09/turn              (no ring)

@: liquid flames, appendage, glowing
A: unfitting armour, horns 2, cold-blooded, AC +4
a: End Transformation, Renounce Religion


You were in the Dungeon.
You worshipped Wu Jian.
Wu Jian was aware of your devotion.
You were not hungry.
You had grown temporary horns.
You visited 1 branch

Inventory:

Missiles
 a - 10 arrows
Scrolls
 i - a scroll of blinking
 k - 3 scrolls of remove curse
 l - 5 scrolls of amnesia
 m - a scroll of summoning
Potions
 f - a potion of haste
 g - 4 potions of magic
 h - 3 potions of berserk rage
 j - 2 potions of invisibility
Books
 b - a book of Changes

   Spells                             Type                      Level
   a - Beastly Appendage              Transmutation                1
   b - Sticks to Snakes               Transmutation                2
   c - Spider Form                    Transmutation/Poison         3
   d - Ice Form                       Ice/Transmutation            4
   e - Blade Hands                    Transmutation                5
Comestibles
 c - 8 bread rations
 n - 40 fruits
 o - 7 meat rations
 p - 2 chunks of flesh


   Skills:
 + Level 1.7 Fighting
 * Level 2.8 Dodging
 + Level 1.4 Stealth
 * Level 4.0 Unarmed Combat
 + Level 2.6 Spellcasting
 * Level 3.6 Transmutations


You had 3 spell levels left.
You knew the following spells:

 Your Spells              Type           Power        Failure   Level  Hunger
a - Beastly Appendage     Tmut           ##....       5%          1    #......
b - Sticks to Snakes      Tmut           ##......     9%          2    ###....


Dungeon Overview and Level Annotations

Branches:
Dungeon (1/1)

Altars:
Ashenzari
Cheibriados
Dithmenos
Elyvilon
Fedhas
Gozag
Hepliaklqana
Kikubaaqudgha
Makhleb
Nemelex Xobeh
Okawaru
Qazlal
Ru
Sif Muna
Trog
Uskayaw
Vehumet
Wu Jian
Xom
Yredelemnul
Zin
The Shining One
Beogh
Jiyva
Lugonu


Innate Abilities, Weirdness & Mutations

Your plain brown scales are hard. (AC +4)
You cannot fit into any form of body armour.
You are cold-blooded and may be slowed by cold attacks.
You have a pair of horns on your head.


Message History

You swap places.
The deep elf mage points at you and mumbles some strange words.
The sticky flame hits you!
You are covered in liquid flames!
There is an open door here.
Unknown command.
You spin and attack the deep elf mage.
You hit the deep elf mage. You headbutt the deep elf mage.
You tail-slap the deep elf mage, but do no damage.
The deep elf mage is lightly wounded.
You are covered in liquid flames!
* * * LOW HITPOINT WARNING * * *
The deep elf mage gestures wildly while chanting.
Your adder barely misses the deep elf mage.
You feel better.
You are covered in liquid flames!
The deep elf mage points at you and mumbles some strange words.
The bolt of fire hits you!
Ouch! That really hurt!
You die...

#_________.#
#_________.#
#_______...###########++
##########+##...........
#.?(.+)))+.##......#..#.
##########.##...........
#......S....'...........
#+#####S#####......#..#.
#..#e@#..##...........
#..รท.E+..#####+#####++
##'####+###.......# #...
#.......# #..re
#.......# #####+
#...<...# #.......#
#.......# #.......#


You could see a deep elf mage, a fire elemental, a friendly adder and a friendly
ball python.

Vanquished Creatures
  An adder (D)
  A river rat (D)
  A giant cockroach (D)
  A quokka (D)
  A ball python (D)
  2 frilled lizards (D)
7 creatures vanquished.

Notes
Turn   | Place    | Note
-------+----------+-------------------------------------------
     0 | D        | Kidiri the Draconian Transmuter began the quest for the Orb.
     0 | D        | Reached XP level 1. HP: 16/16 MP: 3/3
    50 | D        | Found a bloodstained altar of Trog.
    50 | D        | Found a deep blue altar of Sif Muna.
    50 | D        | Found a viscous altar of Jiyva.
    50 | D        | Found a hazy altar of Hepliaklqana.
    50 | D        | Found an opulent altar of Gozag.
    51 | D        | Found a glowing golden altar of the Shining One.
    51 | D        | Found a glowing silver altar of Zin.
    51 | D        | Found a basalt altar of Yredelemnul.
    51 | D        | Found a shimmering altar of Xom.
    51 | D        | Found an ornate altar of the Wu Jian Council.
    51 | D        | Found a sacrificial altar of Ru.
    51 | D        | Found a stormy altar of Qazlal.
    51 | D        | Found an iron altar of Okawaru.
    51 | D        | Found a sparkling altar of Nemelex Xobeh.
    51 | D        | Found a burning altar of Makhleb.
    51 | D        | Found a blossoming altar of Fedhas.
    51 | D        | Found a white marble altar of Elyvilon.
    51 | D        | Found a shadowy altar of Dithmenos.
    51 | D        | Found a snail-covered altar of Cheibriados.
    53 | D        | Found a radiant altar of Vehumet.
    53 | D        | Found a corrupted altar of Lugonu.
    53 | D        | Found a roughly hewn altar of Beogh.
    54 | D        | Found a hide-covered altar of Uskayaw.
    54 | D        | Found an ancient bone altar of Kikubaaqudgha.
    54 | D        | Found a shattered altar of Ashenzari.
    60 | D        | Became a worshipper of the Wu Jian Council
    91 | D        | Reached skill level 1 in Stealth
    91 | D        | Reached XP level 2. HP: 13/23 MP: 5/5
    96 | D        | Learned a level 2 spell: Sticks to Snakes
   315 | D        | Reached * piety under Wu Jian
   342 | D        | Reached skill level 4 in Unarmed Combat
   485 | D        | Noticed a deep elf mage
   499 | D        | Noticed a fire elemental
   499 | D        | Killed from afar by a deep elf mage

Vault maps used:
D:        pitsprint

Skill      XL: |  1  2 |
---------------+-------+-----
Dodging        | 2 |  2.8
Stealth        | 1 |  1.4
Transmutations | 3 |  3.6
Unarmed Combat | 4 |  4.0
Fighting       | |  1.7
Spellcasting   | |  2.6

Action                   || total
-------------------------++-------
Melee: Unarmed           ||    22
       Kick              ||     3
       Punch             ||     1
       Headbutt          ||     2
       Tailslap          ||     2
 Cast: Beastly Appendage ||     6
       Sticks to Snakes  ||     2
  Use: Potion            ||     2
Armor: Skin              ||     3
Dodge: Dodged            ||    13
